 Dungeon Crawl Stone Soup version 0.26.0-41-g79a4fc7684 (webtiles) character file.

Game seed: 6013490870516585712

11246 Cykl0x the Carver (level 11, -13/94 HPs)
             Began as a Minotaur Gladiator on Jan 26, 2021.
             Was a Follower of the Shining One.
             Mangled by a frost giant
             ... wielding a +0 battleaxe of freezing
              (24 damage)
             ... on level 10 of the Dungeon.
             The game lasted 00:21:41 (10038 turns).

Cykl0x the Carver (Minotaur Gladiator)             Turns: 10038, Time: 00:21:42

Health: -13/94     AC: 15    Str: 22    XL:     11   Next: 46%
Magic:  12/12      EV: 10    Int:  5    God:    the Shining One [*.....]
Gold:   358        SH:  0    Dex: 12    Spells: 10/10 levels left

rFire    . . .     SeeInvis +   t - +10 scimitar of Light {vorpal, +Blink Stlth+}
rCold    . . .     Faith    .   (no shield)
rNeg     . . .     Spirit   .   f - +1 chain mail
rPois    .         Reflect  .   (helmet restricted)
rElec    .         Harm     .   s - +1 cloak
rCorr    .         Rampage  .   (no gloves)
Will     .....                  (no boots)
Stlth    ..........             (no amulet)
HPRegen  0.25/turn              b - ring of see invisible
MPRegen  0.13/turn              (no ring)

@: lethally poisoned (-13 -> -17), slowed, glowing, very slow
A: retaliatory headbutt, horns 2
a: Renounce Religion, Evoke Blink


You were on level 10 of the Dungeon.
You worshipped the Shining One.
The Shining One was aware of your devotion.
You visited 2 branches of the dungeon, and saw 11 of its levels.

You collected 634 gold pieces.
You spent 276 gold pieces at shops.

Inventory:

Hand Weapons
 c - a +2 falchion of electrocution
 t - the +10 scimitar of Light (weapon) {vorpal, +Blink Stlth+}
   (You bought it in a shop on level 5 of the Dungeon)

   It inflicts extra damage upon your enemies.
   It lets you blink.
   It makes you more stealthy.
Missiles
 i - 242 stones
 j - 18 boomerangs (quivered)
Armour
 f - a +1 chain mail (worn)
 s - a +1 cloak (worn)
Jewellery
 b - a ring of see invisible (left hand)
 r - an uncursed ring of ice
Wands
 k - a wand of paralysis (6)
 p - a wand of flame (24)
 w - a wand of disintegration (14)
 y - a wand of iceblast (7)
 A - a wand of digging (7)
Scrolls
 e - 6 scrolls of teleportation
 g - 2 scrolls of magic mapping
 h - 5 scrolls of remove curse
 n - 4 scrolls of identify
 o - a scroll of blinking
 q - 3 scrolls of fog
 u - 3 scrolls of amnesia
 B - a scroll of enchant armour
Potions
 a - a potion of lignification
 d - 5 potions of curing
 l - 2 potions of flight
 m - 2 potions of heal wounds
 v - 2 potions of magic
 x - a potion of brilliance
 z - a potion of might


   Skills:
 + Level 7.9 Fighting
 + Level 13.0 Long Blades
 + Level 6.7 Throwing
 * Level 12.1 Armour
 + Level 4.8 Dodging
 + Level 1.4 Stealth
 * Level 3.4 Invocations


You had 10 spell levels left.
You didn't know any spells.
Your spell library contained the following spells:

 Spells                   Type           Power        Failure   Level
 Summon Small Mammal      Summ           0%           96%         1
 Call Imp                 Summ           0%           99%         2
 Call Canine Familiar     Summ           0%           100%        3
 Summon Guardian Golem    Hex/Summ       0%           100%        3
 Summon Ice Beast         Ice/Summ       0%           100%        4
 Summon Lightning Spire   Summ/Air       0%           100%        4


Dungeon Overview and Level Annotations

Branches:
Dungeon (10/15)            Temple (1/1) D:7
   Lair: D:8-11         Orc: D:9-12

Altars:
Ashenzari
Cheibriados
Dithmenos
Elyvilon
Fedhas
Gozag
Hepliaklqana
Kikubaaqudgha
Makhleb
Nemelex Xobeh
Okawaru
Qazlal
Ru
Sif Muna
Trog
Uskayaw
Vehumet
Wu Jian
Xom
Yredelemnul
Zin
The Shining One
Jiyva

Shops:
D:5 =}(*

Annotations:
D:8 2 transporters


Innate Abilities, Weirdness & Mutations

You reflexively headbutt those who attack you in melee.
You have a pair of horns on your head.


Message History

You headbutt the hornet, but do no damage.
The hornet is severely wounded.
The hornet stings you!
You are poisoned.
You feel as though you will be slow longer.
The frost giant gestures at you while chanting.
The bolt of cold hits you!!
* * * LOW HITPOINT WARNING * * *
The hornet barely misses you.
You feel sick. The hornet closely misses you. You furiously retaliate!
You headbutt the hornet.
You riposte.
You slash the hornet!
You kill the hornet!
Your Long Blades skill increases to level 13!
Things that are here:
a +0 war axe; an orc corpse You feel sick.
There is a stone staircase leading up, spattered with blood here.
You feel sick.
The frost giant hits you with a +0 battleaxe of freezing!!
You die...

#......# ♣♣♣.....♣♣♣
######## ##♣.♣## ♣.♣
#.....# ♣ ♣.♣ #♣...♣# P
♣♣.♣♣#.♣.♣.#♣≈ #
♣"..♣#♣...♣#≈♣ #.###
#♣°..♣#.....#≈♣ ♣ #...
#§§..♣##♣(♣##≈♣♣≈♣#
##[oC##§§..♣#))C@.#≈P≈≈≈#.
#.$Goc(.....(..8..'.≈P≈...
##.5(##♣...♣#..>..#♣♣♣≈♣#.
##..o ♣...♣##♣'♣## #.###
♣..[♣#.♣.♣.# #
♣...♣#♣.♣.♣# #
♣♣.♣♣#.♣.♣.# # ♣.♣ #♣.♣.♣#
# ♣.♣ #.♣.♣.#


You could see a frost giant.

Vanquished Creatures
  An orc high priest (D:10)
  An unseen horror (D:10)
  The ghost of martbhell the Chopper, a novice MiFi of Uskayaw (D:5)
  Pikel (D:5)
  2 oklob plants (D:9)
  An orc sorcerer (D:10)
  The ghost of akumoriri the Spear-Bearer, a novice MiFi of Makhleb (D:5)
  A gargoyle (D:10)
  A hornet (D:10)
  Prince Ribbit (D:9)
  A meliai zombie (D:10)
  8 yaks
  A wyvern (D:9)
  Eustachio (D:6)
  Menkaure (D:5)
  A soldier ant (shapeshifter) (D:10)
  4 ice beasts
  2 phantoms
  5 orc warriors
  2 sky beasts
  A necrophage (D:10)
  2 black bears
  5 centaurs
  3 ogres
  A big kobold (D:8)
  7 bullfrogs
  2 wyvern zombies
  3 scorpions
  4 wights (D:8)
  A howler monkey (D:8)
  A quasit (D:8)
  2 bullfrog skeletons
  4 hounds
  An iron imp (D:8)
  Crazy Yiuf (D:7)
  A bullfrog zombie (D:6)
  4 jellies
  8 orc priests
  6 iguanas
  3 centaur skeletons
  A gnoll shaman (D:4)
  12 worker ants
  7 orc wizards
  The ghost of flt the Sneak, a weakling DrDe (D:5)
  A hound zombie (D:5)
  A hound skeleton (D:6)
  A worker ant zombie (D:6)
  10 gnolls
  17 adders
  A shadow imp (D:7)
  4 ufetubi
  2 oozes
  An adder skeleton (D:4)
  9 worms
  The ghost of asdu the Sneak, a weakling DsDe (D:5)
  The ghost of EnegeticOcto the Sneak, a weakling DgDe (D:5)
  3 dart slugs (D:1)
  2 leopard geckos
  27 orcs
  10 bats
  5 giant cockroaches
  10 goblins
  9 hobgoblins
  14 jackals
  5 quokkas
  3 ball pythons
  5 frilled lizards
  A jackal skeleton (D:7)
  9 kobolds
  A leopard gecko skeleton (D:5)
  A leopard gecko zombie (D:6)
  2 quokka skeletons (D:4)
  A quokka zombie (D:5)
  8 rats
283 creatures vanquished.

Notes
Turn   | Place    | Note
-------+----------+-------------------------------------------
     0 | D:1      | Cykl0x the Minotaur Gladiator began the quest for the Orb.
     0 | D:1      | Reached XP level 1. HP: 18/18 MP: 0/0
   208 | D:1      | Reached skill level 4 in Long Blades
   208 | D:1      | Reached XP level 2. HP: 25/25 MP: 1/1
   376 | D:1      | Reached XP level 3. HP: 30/30 MP: 2/2
   381 | D:1      | Reached skill level 1 in Armour
  1036 | D:2      | Reached XP level 4. HP: 21/37 MP: 3/3
  1462 | D:2      | Reached skill level 5 in Long Blades
  1611 | D:2      | Reached XP level 5. HP: 44/44 MP: 4/4
  2220 | D:3      | You fall into a shaft and drop 2 floors!
  2220 | D:5      | Entered Level 5 of the Dungeon
  2220 | D:5      | Found Hyhahuut's Jewellery Emporium.
  2223 | D:5      | Noticed a lemure
  2228 | D:5      | Noticed Pikel
  2229 | D:5      | Noticed a lemure
  2230 | D:5      | Noticed a lemure
  2230 | D:5      | Noticed a lemure
  2242 | D:5      | Paralysed by Pikel for 2 turns
  2253 | D:5      | Paralysed by Pikel for 3 turns
  2260 | D:5      | Killed Pikel
  2261 | D:5      | Reached skill level 6 in Long Blades
  2261 | D:5      | Reached XP level 6. HP: 30/52 MP: 5/5
  2261 | D:5      | Reached XP level 7. HP: 34/59 MP: 6/6
  2504 | D:5      | Found a stormy altar of Qazlal.
  2670 | D:4      | Reached skill level 5 in Armour
  2691 | D:4      | Found a sparkling altar of Nemelex Xobeh.
  2691 | D:4      | Found a radiant altar of Vehumet.
  2691 | D:4      | Found a broken altar of Ashenzari.
  2708 | D:4      | Reached skill level 7 in Long Blades
  2830 | D:4      | Found a shadowy altar of Dithmenos.
  3143 | D:4      | Reached XP level 8. HP: 67/67 MP: 7/7
  3348 | D:4      | Noticed a moth of wrath
  3351 | D:4      | Found a bloodstained altar of Trog.
  4122 | D:5      | Found Igiav's Gadget Shoppe.
  4163 | D:5      | Found a runed translucent gate.
  4163 | D:5      | Found a runed translucent gate.
  4163 | D:5      | Found a runed translucent gate.
  4169 | D:5      | Noticed flt's ghost (weakling DrDe)
  4169 | D:5      | Noticed martbhell's ghost (novice MiFi)
  4170 | D:5      | Noticed EnegeticOcto's ghost (weakling DgDe)
  4170 | D:5      | Noticed akumoriri's ghost (novice MiFi)
  4170 | D:5      | Noticed asdu's ghost (weakling DsDe)
  4191 | D:5      | Reached skill level 8 in Long Blades
  4220 | D:5      | Noticed Menkaure
  4240 | D:5      | Killed Menkaure
  4492 | D:5      | Found Nawk's Antique Weapon Shoppe.
  5058 | D:5      | Found Kihu's Assorted Antiques.
  5065 | D:5      | Bought a scroll of identify for 46 gold pieces
  5065 | D:5      | Bought a scroll labelled GIOCZUEBYUST for 23 gold pieces
  5065 | D:5      | Bought a polished scimitar for 207 gold pieces
  5065 | D:5      | Identified the +10 scimitar of Light {vorpal, +Blink
                  | Stlth+} (You bought it in a shop on level 5 of the Dungeon)
  5149 | D:5      | Got a crude cloak
  5154 | D:5      | Identified the +2 cloak "Ymeusiet" {-Tele rC+ Dex+4} (You
                  | found it on level 5 of the Dungeon)
  5227 | D:5      | Killed martbhell's ghost
  5228 | D:5      | Reached skill level 5 in Fighting
  5228 | D:5      | Reached skill level 9 in Long Blades
  5228 | D:5      | Reached skill level 1 in Stealth
  5228 | D:5      | Reached XP level 9. HP: 62/74 MP: 8/8
  5232 | D:5      | Killed akumoriri's ghost
  5239 | D:5      | Killed flt's ghost
  5240 | D:5      | Killed EnegeticOcto's ghost
  5242 | D:5      | Killed asdu's ghost
  5532 | D:6      | Found a sacrificial altar of Ru.
  5606 | D:6      | Noticed Eustachio
  5610 | D:6      | Killed Eustachio
  5611 | D:6      | Reached skill level 10 in Long Blades
  6301 | D:7      | Found a runed translucent door.
  6302 | D:7      | Noticed Crazy Yiuf
  6307 | D:7      | Killed Crazy Yiuf
  6356 | D:7      | Found a staircase to the Ecumenical Temple.
  6386 | Temple   | Entered the Ecumenical Temple
  6756 | D:7      | Reached skill level 10 in Armour
  6807 | D:7      | Reached skill level 5 in Throwing
  6812 | D:7      | Reached skill level 11 in Long Blades
  6812 | D:7      | Reached XP level 10. HP: 84/84 MP: 9/9
  7283 | D:8      | Found a transporter.
  7285 | D:8      | Found a viscous altar of Jiyva.
  7285 | D:8      | Noticed a great orb of eyes
  7315 | D:8      | Found a broken altar of Ashenzari.
  7706 | D:8      | Found a transporter.
  7907 | D:8      | Found a glowing silver altar of Zin.
  7907 | D:8      | Found a white marble altar of Elyvilon.
  7908 | D:8      | Found a glowing golden altar of the Shining One.
  7914 | D:8      | Became a worshipper of the Shining One
  7932 | D:8      | Found a snail-covered altar of Cheibriados.
  8369 | D:9      | Noticed Prince Ribbit
  8377 | D:9      | Killed Prince Ribbit
  8378 | D:9      | Reached skill level 1 in Invocations
  8427 | D:9      | Reached skill level 12 in Long Blades
  8532 | D:9      | Found a blossoming altar of Fedhas.
  8535 | D:9      | Noticed an oklob plant
  8535 | D:9      | Noticed an oklob plant
  8549 | D:9      | Killed an oklob plant
  8746 | D:9      | Killed an oklob plant
  9086 | D:9      | Found a burning altar of Makhleb.
  9131 | D:10     | Entered Level 10 of the Dungeon
  9265 | D:10     | Reached * piety under the Shining One
  9266 | D:10     | Reached XP level 11. HP: 91/92 MP: 11/11
  9467 | D:10     | Noticed an unseen horror
  9472 | D:10     | Killed an unseen horror
  9610 | D:10     | Noticed a frost giant
  9611 | D:10     | Noticed an orc sorcerer
  9611 | D:10     | Noticed an orc high priest
 10021 | D:10     | Noticed a sun demon
 10022 | D:10     | Killed an orc high priest
 10031 | D:10     | Killed an orc sorcerer
 10037 | D:10     | Reached skill level 13 in Long Blades
 10038 | D:10     | Mangled by a frost giant

Illustrated notes

Levels and vault maps discovered:
D:1:      sevenhm_arrival_forest_fort_small_6, layout_rooms,
          minmay_misc_feat_hallway, minmay_misc_feat_room
D:2:      layout_basic
D:3:      layout_loops_ring, minmay_misc_feat_more_columns
D:4:      cheibrodos_barr_body, layout_loops_ring,
          nicolae_overflow_quartered_altars, tgw_trog
D:5:      layout_basic, grunt_qazlal_clouds, gammafunk_ghost_cemetery,
          serial_shops, shop, nicolae_shop_statue_plus,
          nicolae_shop_window_shopping, nicolae_shop_window_shopping,
          uniq_menkaure, uniq_pikel
D:6:      layout_basic, kennysheep_mini, kennysheep_generic_room_15,
          uniq_eustachio
D:7:      layout_loops_cross, minmay_temple_entry_glass, uniq_crazy_yiuf_cottage
D:8:      gammafunk_jiyva_shrine, layout_rooms, good_gods_temple_1,
          slow_altar_1, evilmike_ruin_ashenzari
D:9:      layout_small_grid, makhleb_heckhound_becter, hangedman_tree_tricks,
          item_on_display_a, uniq_prince_ribbit1
D:10:     nzn_winding_woodlands_stair_cross [nzn_winding_woodlands_5x15_cabin,
          nzn_winding_woodlands_center_garden,
          nzn_winding_woodlands_5x15_lazy_stream,
          nzn_winding_woodlands_hourglass,
          nzn_winding_woodlands_5x5_checkerboard,
          nzn_winding_woodlands_5x15_default,
          nzn_winding_woodlands_center_pierced_h,
          nzn_winding_woodlands_5x15_zeroes], layout_loops_cross,
          dpeg_lair_monsters
Temple:   minmay_temple_curvy_loop

Skill      XL: |  1  2  3  4  5  6  7  8  9 10 11 |
---------------+----------------------------------+-----
Long Blades    | 4 5 6 7 9 11 12 13 | 13.0
Armour         | 1 2 4 6 8 10 11 12 | 12.1
Dodging        | 4 |  4.8
Fighting       | 4 5 6 7 |  7.9
Throwing       | 3 4 5 6 |  6.7
Stealth        | 1 |  1.4
Invocations    | 2 3 |  3.4

Action                   |  1- 3 |  4- 6 |  7- 9 | 10-12 || total
-------------------------+-------+-------+-------+-------++-------
Melee: Long sword        |    70 |    83 |   180 |       ||   333
       Headbutt          |    13 |    17 |    65 |    26 ||   121
       Scimitar          |       |       |   105 |   167 ||   272
Throw: Throwing net      |     8 |       |       |       ||     8
       Stone             |    22 |    24 |     2 |       ||    48
       Boomerang         |       |       |    49 |    43 ||    92
  Use: Scroll            |     5 |     4 |     6 |     6 ||    21
       Potion            |       |     2 |       |     1 ||     3
 Stab: Held in net/web   |     1 |       |       |       ||     1
Armor: Leather armour    |    12 |       |       |       ||    12
       Chain mail        |    21 |    44 |   125 |    71 ||   261
Dodge: Dodged            |    52 |    36 |   123 |    65 ||   276
       Rpst.: Long sword |     4 |    14 |    14 |       ||    32
       Scimitar          |       |       |    12 |    14 ||    26
